 Dungeon Crawl Stone Soup version 0.24.0-123-gd5b16e6ec5 (webtiles) character file.

Game seed: 8789006877573636360, levelgen mode: deterministic

21 Chiseanne the Magician (level 2, -3/19 HPs)
             Began as a Demonspawn Wizard on Jan 10, 2020.
             Slain by Natasha (8 damage)
             ... on level 2 of the Dungeon.
             The game lasted 00:02:22 (1110 turns).

Chiseanne the Magician (Demonspawn Wizard)          Turns: 1110, Time: 00:02:23

Health: -3/19      AC:  3    Str:  7    XL:     2   Next: 65%
Magic:  0/6        EV: 12    Int: 19    God:
Gold:   49         SH:  4    Dex: 11    Spells: 4/7 levels left

rFire    + . .     SeeInvis .   f - +0 mace
rCold    + . .     Gourm    .   (no shield)
rNeg     . . .     Faith    .   a - +0 robe
rPois    .         Spirit   .   b - +1 hat
rElec    .         Reflect  .   p - scarf {rC+ rF+}
rCorr    .         Harm     .   (no gloves)
MR       .....                  (no boots)
Stlth    ++........             (no amulet)
HPRegen  0.06/turn              (no ring)
MPRegen  0.10/turn              (no ring)

@: very slightly contaminated, slowed, very slow
A: large bone plates 1
a: no special abilities


You were on level 2 of the Dungeon.
You were not hungry.

You visited 1 branch of the dungeon, and saw 2 of its levels.

You collected 49 gold pieces.

Inventory:

Hand Weapons
 f - a +0 mace (weapon)
Missiles
 e - 73 stones (quivered)
 m - 10 poisoned darts
 n - 13 arrows
 o - 5 javelins
 r - 12 bolts
Armour
 a - a +0 robe (worn)
 b - a +1 hat (worn)
 p - a scarf of resistance (worn)
Scrolls
 c - a scroll of identify
Potions
 g - 2 potions of lignification
 j - a potion of might {unknown}
 k - 2 potions of haste {unknown}
Comestibles
 d - 2 rations


   Skills:
 - Level 1.7 Dodging
 - Level 1.7 Stealth
 * Level 3.4 Spellcasting
 * Level 2.0 Conjurations
   Level 1.0 Summonings
 - Level 0.8 Translocations


You had 4 spell levels left.
You knew the following spells:

 Your Spells              Type           Power        Failure   Level  Hunger
a - Magic Dart            Conj           ##..         6%          1    None
b - Blink                 Tloc           N/A          16%         2    ##.....

Your spell library contained the following spells:

 Spells                   Type           Power        Failure   Level  Hunger
 Call Imp                 Summ           #.......     14%         2    ##.....
 Slow                     Hex            #.......     22%         2    ##.....
 Conjure Flame            Conj/Fire      #.......     28%         3    ###....
 Mephitic Cloud           Conj/Pois/Air  #.......     32%         3    ###....


Dungeon Overview and Level Annotations

Branches:
Dungeon (2/15)

Altars:

Annotations:
D:1 exclusion: downstairs
D:2 Natasha


Innate Abilities, Weirdness & Mutations

You are partially covered in large bone plates. (SH +4)


Message History

Casting: Magic Dart (safe; 6% risk of failure)
Confirm with . or Enter, or press ? or * to list all spells.
Aiming: Magic Dart (safe; 6% risk of failure)
Press: ? - help, Shift-Dir - straight line, f/p - Natasha
Aim: Natasha (heavily wounded)
The magic dart hits the rat.
You kill the rat!
Natasha casts a spell at you. You resist with significant effort.
Natasha howls an incantation.
You feel troubled.
You hit Natasha.
Natasha is almost dead.
Natasha drinks a potion.
Natasha is healed!
Natasha claws you.
You barely miss Natasha.
Natasha is moderately wounded.
Natasha claws you.
* * * LOW HITPOINT WARNING * * *
Natasha claws you!
You die...

#. ####..###
#.##<....%..
#..#.!#..###
#.#..# .#
#....#..#
#......#
#..##.##
##h##.#
#@.#.####.
#......(..
##...####
##..# #####
#.># #....
##.# #<...
#.# #.###
#.# #.# #.#
#.#


You could see Natasha.

Vanquished Creatures
  A dart slug (D:1)
  2 leopard geckos (D:1)
  2 giant cockroaches (D:1)
  A goblin (D:1)
  3 hobgoblins
  2 bats (D:1)
  3 kobolds (D:1)
  3 rats
17 creatures vanquished.

Notes
Turn   | Place    | Note
-------+----------+-------------------------------------------
     0 | D:1      | Chiseanne the Demonspawn Wizard began the quest for the
                  | Orb.
     0 | D:1      | Reached XP level 1. HP: 13/13 MP: 4/4
   218 | D:1      | Gained mutation: You are partially covered in large bone
                  | plates. (SH +4) [demonic ancestry]
   218 | D:1      | Reached XP level 2. HP: 19/19 MP: 0/6
   908 | D:1      | Learned a level 2 spell: Blink
   909 | D:2      | Noticed Natasha
  1110 | D:2      | Slain by Natasha

Levels and vault maps discovered:
D:1:      evilmike_arrival_hilbert_curve, layout_rooms
D:2:      layout_basic, dancing_weapons_uskayaw, uniq_natasha, uniq_robin,
          uniq_sigmund

Skill      XL: |  1  2 |
---------------+-------+-----
Conjurations   | 2 |  2.0
Dodging        | |  1.7
Stealth        | |  1.7
Spellcasting   | |  3.4
Summonings     | |  1.0
Translocations | |  0.8

Action                   || total
-------------------------++-------
Melee: Mace              ||    11
 Cast: Magic Dart        ||    51
  Use: Scroll            ||     5
Armor: Robe              ||     5
Dodge: Dodged            ||    10
Block: Other             ||     3
